 Dungeon Crawl Stone Soup version 0.32-a0-22-g6ae6769602 (webtiles) character file.

Game seed: 8440772909787345951

1866 jasper the Geomancer (level 8, -6/50 HPs)
             Began as a Deep Elf Earth Elementalist on Jan 18, 2024.
             Was a Believer of Sif Muna.
             Killed from afar by a steam dragon (16 damage)
             ... with a ball of steam
             ... on level 8 of the Dungeon.
             The game lasted 00:09:11 (5965 turns).

jasper the Geomancer (Deep Elf Earth Elementalist)  Turns: 5965, Time: 00:09:12

Health: -6/50      AC:  4    Str:  5    XL:     8   Next: 90%
Magic:  9/14       EV: 17    Int: 23    God:    Sif Muna [**....]
Gold:   387        SH:  0    Dex: 15    Spells: 1/13 levels left

rFire   . . .        y - +2 spear (venom)
rCold   . . .        (no shield)
rNeg    . . .        a - +1 robe
rPois   +            (no helmet)
rElec   .            z - +0 cloak
rCorr   .            (no gloves)
SInv    .            (no boots)
Will    .....        (no amulet)
Stlth   ++           i - +5 ring of evasion
HPRegen 0.28/turn    l - ring of poison resistance
MPRegen 0.14/turn

%: no passive effects
@: no status effects
A: no striking features
a: Renounce Religion, Channel Magic


You were on level 8 of the Dungeon.
You worshipped Sif Muna.
Sif Muna was pleased with you.
You visited 1 branch of the dungeon, and saw 8 of its levels.

You collected 387 gold pieces.

Inventory:

Hand Weapons
 e - a +0 mace of draining
 g - a +2 antimagic short sword
 k - a +2 vampiric whip
 s - the +6 sling "Hoigixor" {flame, ^Contam rC- SInv Stlth+}
   (You took it off an orc on level 4 of the Dungeon)

   rC-:       It makes you vulnerable to cold.
   SInv:      It lets you see invisible.
   ^Contam:   It causes magical contamination when unequipped.
   Stlth+:    It makes you more stealthy.
 y - a +2 spear of venom (weapon)
Missiles
 c - 9 poisoned darts
 d - 88 stones
Armour
 a - a +1 robe (worn)
 z - a +0 cloak (worn)
Magical Staves
 f - a staff of conjuration
 q - a staff of death
Jewellery
 i - a +5 ring of evasion (left hand)
 l - a ring of poison resistance (right hand)
 v - a ring of ice
Wands
 r - a wand of roots (6)
 u - a wand of paralysis (24)
Scrolls
 h - a scroll of identify
 j - 2 scrolls of teleportation
 m - a scroll of enchant weapon
 t - 3 scrolls of noise
 A - a scroll of brand weapon
Potions
 b - 5 potions of magic
 o - 2 potions of heal wounds
 p - 2 potions of lignification
 w - 2 potions of curing
 x - 2 potions of enlightenment
 B - a potion of attraction {unknown}


   Skills:
 + Level 5.5 Fighting
 - Level 2.4 Dodging
 - Level 2.4 Stealth
 - Level 3.0 Spellcasting
 - Level 1.1 Conjurations
 - Level 9.0 Earth Magic
 * Level 5.7 Invocations


You had one spell level left.
You knew the following spells:

 Your Spells              Type           Power      Damage    Failure   Level
a - Sandblast             Erth           88%        2d18      1%          1
b - Passwall              Erth           44%        N/A       1%          3
c - Stone Arrow           Conj/Erth      52%        3d10      4%          3
d - Mephitic Cloud        Conj/Alch/Air  5%         N/A       30%         3
e - Blink                 Tloc           6%         N/A       17%         2

Your spell library contained the following spells:

 Spells                   Type           Power      Damage    Failure   Level
 Magic Dart               Conj           32%        1d4       8%          1
 Shock                    Conj/Air       20%        1d4       10%         1
 Brom's Barrelling Bould  Conj/Erth      26%        2d5       14%         4
 Call Imp                 Summ           6%         N/A       17%         2
 Mercury Vapours          Alch/Air       6%         N/A       17%         2
 Petrify                  Alch/Erth      24%        N/A       19%         4
 Swiftness                Air            3%         N/A       34%         3
 Airstrike                Air            1%         2d(1-17)  75%         4
 Freezing Cloud           Conj/Ice/Air   2%         6-21      95%         5


Dungeon Overview and Level Annotations

Branches:
Dungeon (8/15)             Temple (0/1) D:7
   Lair: D:8-11

Altars:
Ashenzari
Elyvilon
Nemelex Xobeh
Sif Muna
Trog
Wu Jian
Xom


Message History

The ball of steam hits you!
You hear an angry buzzing noise.
You hear a shout!
You take 16 damage, and have 29/50 hp.
MASSIVE DAMAGE!!
You now have 10/14 mp.
Aiming: Sandblast (safe; 1% risk of failure)
Press: ? - help, Q - select action, (/) - cycle Shift-Dir - straight line, f - steam dragon
Aim: a steam dragon (steam, 85% to hit)
The blast of sand hits the steam dragon!
The steam dragon is moderately wounded.
You are engulfed in a cloud of scalding steam.
The steam dragon closely misses you. The steam dragon barely misses you.
You take 6 damage, and have 23/50 hp.
Aiming: Sandblast (safe; 1% risk of failure)
Press: ? - help, Q - select action, (/) - cycle Shift-Dir - straight line, f/p - steam dragon
Aim: a steam dragon (moderately wounded, 85% to hit)
The blast of sand hits the steam dragon.
The steam dragon is heavily wounded.
A killer bee comes into view.
The steam dragon breathes steam at you. The ball of steam misses you.
You now have 9/14 mp.
As you read the scroll of fear, it crumbles to dust.
You assume a fearsome visage.
The steam dragon looks frightened!
The killer bee looks frightened!
You are engulfed in a cloud of scalding steam.
You take 1 damage, and have 23/50 hp.
Aiming: Sandblast (safe; 1% risk of failure)
Press: ? - help, Q - select action, (/) - cycle Shift-Dir - straight line, f/p - steam dragon
Aim: a steam dragon (heavily wounded, fleeing, 85% to hit)
The blast of sand hits the steam dragon.
The steam dragon is heavily wounded.
Your attack snaps the steam dragon out of its fear.
You are engulfed in a cloud of scalding steam.
* * * LOW HITPOINT WARNING * * *
The steam dragon bites you.
* * * LOW HITPOINT WARNING * * *
The steam dragon closely misses you.
You take 14 damage, and have 9/50 hp.
MASSIVE DAMAGE!!
You now have 8/14 mp.
The steam dragon breathes steam at you. The ball of steam hits you!
You die...

#.#8.8#..#.##
#.##.##....#
#.........##
###..#....#
####....#
##....#
#....##
#....# ####@#
#§.§# ##.D#
##§†# #.#..
#.##.# #.#
... ..# #.#
#.# #.#


You could see a steam dragon (catching breath).

Vanquished Creatures
  A water moccasin (D:7)
  An orc warrior (D:7)
  A black bear (D:7)
  A sky beast (D:7)
  An ogre (D:5)
  2 phantoms (D:5)
  A bullfrog (D:8)
  3 scorpions
  3 killer bees (D:7)
  3 howler monkeys
  A bombardier beetle (D:4)
  5 hounds
  3 orc priests
  A sleepcap (D:5)
  Terence (D:2)
  7 orc wizards
  4 gnolls (D:7)
  7 adders
  A shadow imp (D:6)
  3 white imps
  4 ribbon worms
  2 dart slugs (D:1)
  28 orcs
  7 endoplasms
  A giant cockroach (D:1)
  6 goblins
  5 hobgoblins
  3 jackals (D:3)
  9 quokkas
  7 ball pythons
  4 bats
  4 frilled lizards
  7 kobolds
  3 rats
140 creatures vanquished.

Notes
Turn   | Place    | Note
-------+----------+-------------------------------------------
     0 | D:1      | jasper the Deep Elf Earth Elementalist began the quest for
                  | the Orb.
     0 | D:1      | Reached XP level 1. HP: 10/10 MP: 6/6
   241 | D:1      | Reached XP level 2. HP: 16/16 MP: 6/8
   638 | D:1      | Reached skill level 4 in Earth Magic
   720 | D:1      | Reached skill level 1 in Fighting
   825 | D:1      | Reached XP level 3. HP: 15/20 MP: 2/9
   829 | D:1      | Learned a level 3 spell: Passwall
   981 | D:2      | Noticed Terence
  1015 | D:2      | Found Odech's General Store.
  1152 | D:2      | Learned a level 3 spell: Stone Arrow
  1330 | D:2      | You fall into a shaft and drop 2 floors!
  1397 | D:4      | Reached XP level 4. HP: 25/25 MP: 8/10
  1433 | D:4      | Noticed a black bear
  1649 | D:3      | Reached skill level 5 in Earth Magic
  1778 | D:3      | Found a faded altar of an unknown god.
  2155 | D:3      | Found a shimmering blue altar of Sif Muna.
  2200 | D:3      | Became a worshipper of Sif Muna the Loreminder
  2432 | D:3      | Found a white marble altar of Elyvilon.
  2549 | D:3      | Found a bloodstained altar of Trog.
  2742 | D:4      | Reached XP level 5. HP: 30/30 MP: 8/11
  2829 | D:2      | Reached skill level 6 in Earth Magic
  3021 | D:2      | Killed Terence
  3123 | D:4      | Reached XP level 6. HP: 36/36 MP: 7/12
  3386 | D:4      | Found a sparkling altar of Nemelex Xobeh.
  3393 | D:4      | Identified the +6 sling "Hoigixor" {flame, ^Contam rC- SInv
                  | Stlth+}
  3394 | D:4      | Reached skill level 7 in Earth Magic
  3584 | D:4      | Found a shimmering altar of Xom.
  3763 | D:5      | Entered Level 5 of the Dungeon
  3773 | D:5      | Reached * piety under Sif Muna
  3931 | D:5      | Reached XP level 7. HP: 40/41 MP: 7/13
  4128 | D:5      | Found an ornate altar of the Wu Jian Council.
  4201 | D:5      | Reached skill level 8 in Earth Magic
  5007 | D:6      | Reached XP level 8. HP: 40/48 MP: 12/14
  5009 | D:6      | Reached skill level 9 in Earth Magic
  5146 | D:7      | Reached skill level 1 in Invocations
  5356 | D:7      | Reached ** piety under Sif Muna
  5357 | D:7      | Reached skill level 5 in Fighting
  5537 | D:7      | Found a broken altar of Ashenzari.
  5545 | D:7      | Found a staircase to the Ecumenical Temple.
  5619 | D:7      | Learned a level 3 spell: Mephitic Cloud
  5632 | D:7      | Reached skill level 5 in Invocations
  5757 | D:7      | Learned a level 2 spell: Blink
  5965 | D:8      | Killed from afar by a steam dragon

Illustrated notes

Levels and vault maps discovered:
D:1:      dpeg_arrival_morbid_curiosity, layout_basic, minmay_box_of_dots
D:2:      layout_rooms, serial_shops, nicolae_shop_crystal,
          chequers_serial_rivers_micro_e, uniq_terence
D:3:      layout_basic, nicolae_elyvilon_temple_path,
          nicolae_sif_muna_little_library, nicolae_overflow_hidden_temple,
          ebering_ecumenical_altar_sacrificial, grunt_ministairs_5
D:4:      layout_basic, kennysheep_mini_moat, mainiacjoe_overflow_alcove_4
D:5:      layout_gridville, pdpol_wu_jian_five_deadly_venoms,
          dreamdust_mushroom_princess, patterned_corridor
D:6:      gammafunk_cloud_chamber, layout_basic, yredelemnul_altar_generic,
          minmay_hollow_rounded_squares
D:7:      layout_gridville, ashenzari_altar_1, minmay_temple_entry_large_hall
D:8:      minmay_the_grid_plus_closed [minmay_the_grid_gridbox,
          minmay_the_grid_expand, minmay_the_grid_minigrid_small_alt,
          minmay_the_grid_aliased_spiral,
          minmay_the_grid_prize_shrinking_boxes], layout_cave_pools,
          small_statue_intersection, amethyst_killhole,
          minmay_misc_feat_pillars, minmay_strange_pillars

Skill      XL: |  1  2  3  4  5  6  7  8 |
---------------+-------------------------+-----
Earth Magic    | 4 5 6 7 8 9 |  9.0
Fighting       | 1 2 3 4 5 |  5.5
Invocations    | 5 |  5.7
Dodging        | |  2.4
Stealth        | |  2.4
Spellcasting   | |  3.0
Conjurations   | |  1.1

Action                     |  1- 3 |  4- 6 |  7- 9 || total
---------------------------+-------+-------+-------++-------
  Melee: Mace              |       |     2 |       ||     2
         Spear             |       |     4 |    13 ||    17
   Cast: Sandblast         |    56 |    96 |    81 ||   233
    Use: Scroll            |     4 |    10 |     5 ||    19
         Potion            |       |       |     1 ||     1
 Armour: Robe              |     7 |    20 |    33 ||    60
  Dodge: Dodged            |     8 |    26 |    46 ||    80

Table legend: (Time is in decaauts)
 A = Elapsed time spent in this place.
 B = Non-inter-level travel time spent in this place.
 C = Inter-level travel time spent in this place.
 D = Time resting spent in this place.
 E = Time spent auto-exploring this place.
 F = Levels seen in this place.
 G = Mean time per level.
                   A        B        C        D        E       F      G
               +--------+--------+--------+--------+--------+-----+--------+
         Total |   6081 |   5790 |    291 |     68 |   4844 |   8 |  760.1 |
       Dungeon |   6081 |   5790 |    291 |     68 |   4844 |   8 |  760.1 |
               +--------+--------+--------+--------+--------+-----+--------+

Top non-repeatable levels by time:
     D:3: 1160 daAuts
     D:5: 1148 daAuts
     D:4: 1032 daAuts
     D:1: 952 daAuts
     D:7: 726 daAuts
     D:2: 687 daAuts
     D:6: 202 daAuts
     D:8: 172 daAuts
